 Dungeon Crawl Stone Soup version 0.21-a0-442-g848f44b (webtiles) character file.

100 n0claF the Ogre Mage (level 4, -13/45 HPs)
             Began as an Ogre Warper on Nov 14, 2017.
             Mangled by Crazy Yiuf
             ... wielding a +2 quarterstaff of chaos
              (19 damage)
             ... on level 2 of the Dungeon.
             The game lasted 00:06:47 (2122 turns).

n0claF the Ogre Mage (Ogre Warper)                  Turns: 2122, Time: 00:06:48

Health: -13/45     AC:  3    Str: 16    XL:     4   Next: 73%
Magic:  6/9        EV: 10    Int: 14    God:
Gold:   134        SH:  0    Dex:  8    Spells: 10/10 levels left

rFire    . . .     SeeInvis .   a - +0 mace
rCold    . . .     Gourm    .   (no shield)
rNeg     . . .     Faith    .   b - +0 robe
rPois    .         Spirit   .   (helmet restricted)
rElec    .         Reflect  .   (no cloak)
rCorr    .         Harm     .   (gloves unavailable)
MR       +....                  (boots unavailable)
Stlth    +.........             (no amulet)
HPRegen  0.15/turn              r - ring of protection from magic
MPRegen  0.11/turn              (no ring)

@: no status effects
A: unfitting armour, tough skin 1
a: no special abilities


You were on level 2 of the Dungeon.
You were hungry.

You visited 1 branch of the dungeon, and saw 2 of its levels.

You collected 134 gold pieces.

Inventory:

Hand Weapons
 a - a +0 mace (weapon)
Missiles
 h - 3 javelins (quivered)
 m - 67 stones
 s - 7 steel tomahawks
 u - 5 tomahawks
Armour
 b - a +0 robe (worn)
Jewellery
 r - a ring of protection from magic (left hand)
Scrolls
 d - a scroll of blinking
 j - a scroll of remove curse {unknown}
 k - a scroll of enchant armour {unknown}
 l - a scroll of magic mapping {unknown}
 n - 2 scrolls of identify {unknown}
 q - a scroll of teleportation {unknown}
 v - a scroll of recharging {unknown}
Potions
 e - a potion of invisibility {unknown}
 i - 2 potions of degeneration {unknown}
 o - 2 potions of curing {unknown}
 t - a potion of haste {unknown}
Books
 c - a book of Spatial Translocations

   Spells                             Type                      Level
   a - Blink                          Translocation                2
   b - Shroud of Golubria             Charms/Translocation         2
   c - Lesser Beckoning               Translocation                3
   d - Gell's Gravitas                Translocation                3
   e - Teleport Other                 Translocation                3
   f - Passage of Golubria            Translocation                4
Comestibles
 f - a bread ration
 g - 3 fruits
 p - a royal jelly


   Skills:
 + Level 3.2 Fighting
 * Level 2.6 Maces & Flails
 * Level 2.1 Throwing
 + Level 1.0 Armour
 - Level 2.1 Dodging
 * Level 3.5 Spellcasting
   Level 2.6 Translocations


You had 10 spell levels left.
You didn't know any spells.

Dungeon Overview and Level Annotations

Branches:
Dungeon (2/15)

Altars:
Cheibriados
Ru

Annotations:
D:2 Crazy Yiuf


Innate Abilities, Weirdness & Mutations

You are too large for most types of armour.
You have tough skin. (AC +1)


Message History

Crazy Yiuf is heavily wounded.
Crazy Yiuf closely misses you.
You hit Crazy Yiuf but do no damage.
Crazy Yiuf is heavily wounded.
Crazy Yiuf grits, "Tonal pontify toodlewoodle!"
Crazy Yiuf hits you with a quarterstaff of chaos.
Crazy Yiuf burns you.
You barely miss Crazy Yiuf.
Crazy Yiuf is heavily wounded.
Crazy Yiuf hits you with a quarterstaff of chaos!
Crazy Yiuf burns you.
You are too injured to fight recklessly!
You are too injured to fight recklessly!
You are too injured to fight recklessly!
You thump Crazy Yiuf!
Crazy Yiuf is almost dead.
Crazy Yiuf hits you with a quarterstaff of chaos!
* * * LOW HITPOINT WARNING * * *
You are electrocuted!
You die...

#.##........#
###.....#.###
#..####.#
##### ##.#
##.#### #..)#
#.###...##.
#.(.#
#.##...).##
^(.
#.#.......#
#g#
#....._....
♣♣@♣
###..).[..#
♣.♣♣
##.....##
♣♣.♣ ##...##.
♣.♣♣
#######.##..
♣♣.♣♣
#..........#
♣.PP♣♣
#.##########
♣.♣PP♣ #.#
#....# #.#
#....####.#


You could see Crazy Yiuf.

Vanquished Creatures
  Jessica (D:2)
  2 adders (D:2)
  An ooze (D:1)
  A worm (D:2)
  A dart slug (D:1)
  6 bats
  2 giant cockroaches
  3 goblins
  12 hobgoblins
  4 jackals (D:1)
  2 ball pythons
  3 frilled lizards
  5 kobolds (D:1)
  4 rats
  A fungus (D:2)
48 creatures vanquished.

Notes
Turn   | Place    | Note
-------+----------+-------------------------------------------
     0 | D:1      | n0claF the Ogre Warper began the quest for the Orb.
     0 | D:1      | Reached XP level 1. HP: 22/22 MP: 3/3
    64 | D:1      | Reached XP level 2. HP: 24/29 MP: 5/5
   432 | D:1      | Reached XP level 3. HP: 25/36 MP: 7/7
  1431 | D:2      | Found a snail-covered altar of Cheibriados.
  1583 | D:2      | Noticed Jessica
  1587 | D:2      | Killed Jessica
  1587 | D:2      | Reached XP level 4. HP: 28/45 MP: 8/8
  1853 | D:2      | Found a sacrificial altar of Ru.
  2005 | D:2      | Reached skill level 1 in Armour
  2112 | D:2      | Found a runed door.
  2116 | D:2      | Noticed Crazy Yiuf
  2122 | D:2      | Mangled by Crazy Yiuf

Vault maps used:
D:1:      eino_arrival_druids_welcome
D:2:      lemuel_round_altar, nicolae_overflow_crystal_walls,
          nicolae_overflow_hidden_temple, uniq_crazy_yiuf_cottage, uniq_jessica

Skill      XL: |  1  2  3  4 |
---------------+-------------+-----
Maces & Flails | 2 |  2.6
Fighting       | 3 |  3.2
Spellcasting   | 3 |  3.5
Throwing       | 2 |  2.1
Armour         | 1 |  1.0
Dodging        | |  2.1
Translocations | |  2.6

Action                   |  1- 3 |  4- 6 || total
-------------------------+-------+-------++-------
Melee: Mace              |    89 |    29 ||   118
Throw: Tomahawk          |     5 |       ||     5
       Stone             |    12 |       ||    12
       Javelin           |    32 |    20 ||    52
  Eat: Chunk             |     2 |     1 ||     3
Armor: Robe              |    33 |     3 ||    36
Dodge: Dodged            |    71 |     9 ||    80

Table legend:
 A = Spawn XP
 B = Non-spawn XP
 C = Spawn XP percentage of total XP
 D = Spawn monster count
 E = Non-spawn monster count
 F = Spawn count percentage of total count
 G = Total turns spent on level
                    A         B        C        D         E        F      G
               +---------+---------+-------+---------+---------+-------+---------
         Total |       0 |     143 |   0.0 |       0 |      47 |   0.0 |  2122
               +---------+---------+-------+---------+---------+-------+---------
           D:1 |       0 |      47 |   0.0 |       0 |      25 |   0.0 |  1178
           D:2 |       0 |      96 |   0.0 |       0 |      22 |   0.0 |   944
               +---------+---------+-------+---------+---------+-------+---------
